 Dungeon Crawl Stone Soup version 0.25.0-9-g26727b657a (webtiles) character file.

Game seed: 2635849600681338094

108 Exodus22XD the Poker (level 4, -1/34 HPs)
             Began as a Demonspawn Gladiator on June 21, 2020.
             Killed by nerve-wracking pain
             ... invoked by Grinder
              (7 damage)
             ... on level 3 of the Dungeon.
             The game lasted 00:02:46 (2376 turns).

Exodus22XD the Poker (Demonspawn Gladiator)         Turns: 2376, Time: 00:02:46

Health: -1/34      AC:  5    Str: 15    XL:     4   Next: 58%
Magic:  4/4        EV: 11    Int:  9    God:
Gold:   107        SH:  4    Dex: 15    Spells: 3/3 levels left

rFire    . . .     SeeInvis .   a - +0 trident
rCold    + . .     Gourm    .   p - +0 buckler (curse)
rNeg     . . .     Faith    .   h - +0 ring mail
rPois    .         Spirit   .   (helmet restricted)
rElec    .         Reflect  .   (no cloak)
rCorr    .         Harm     .   (no gloves)
MR       .....                  (no boots)
Stlth    +.........             (no amulet)
HPRegen  0.11/turn              j - ring of protection from cold
MPRegen  0.09/turn              (no ring)

@: flying, very slightly contaminated, hasted, invisible, very quick
A: antennae 1, hooves 1, spiny 1
a: no special abilities


You were on level 3 of the Dungeon.
You were not hungry.

You visited 1 branch of the dungeon, and saw 3 of its levels.

You collected 107 gold pieces.

Inventory:

Hand Weapons
 a - a +0 trident (weapon)
Missiles
 d - 3 throwing nets (quivered)
Armour
 b - a +0 leather armour
 h - a +0 ring mail (worn)
 m - a +1 leather armour of poison resistance
 p - a cursed +0 buckler (worn)
Jewellery
 j - a ring of protection from cold (left hand)
Wands
 v - a wand of digging (4)
Scrolls
 c - 2 scrolls of amnesia {unknown}
 e - a scroll of enchant weapon {unknown}
 g - 3 scrolls of identify {unknown}
 n - 2 scrolls of remove curse {unknown}
 o - 2 scrolls of teleportation {unknown}
 q - a scroll of fog {unknown}
 r - a scroll of fear {unknown}
Potions
 k - 2 potions of haste
 t - a potion of ambrosia {unknown}
 u - a potion of might {unknown}
Comestibles
 f - 8 rations
 w - 4 chunks of flesh


   Skills:
 + Level 2.3 Fighting
 + Level 4.0 Polearms
 - Level 1.7 Throwing
 + Level 1.0 Armour
 + Level 3.1 Dodging
 * Level 1.2 Shields


You had 3 spell levels left.
You didn't know any spells.
Your spell library was empty.

Dungeon Overview and Level Annotations

Branches:
Dungeon (3/15)

Altars:

Annotations:
D:3 Grinder


Innate Abilities, Weirdness & Mutations

You have a pair of small antennae on your head.
You have large cloven feet.
You are partially covered in sharp spines.


Message History

Grinder is severely wounded.
The frilled lizard hisses angrily.
You hit Grinder. You kick Grinder.
Grinder is almost dead.
Grinder grins, showing sharp teeth.
Grinder gestures at you. Pain shoots through your body!
* * * LOW HITPOINT WARNING * * *
You completely miss Grinder. You kick Grinder.
Grinder is almost dead.
Grinder closely misses you.
You hit Grinder but do no damage.
Grinder is almost dead.
The frilled lizard hisses angrily.
You closely miss Grinder.
Grinder is almost dead.
The frilled lizard hisses angrily.
Grinder gestures at you. Pain shoots through your body!
You die...

### #.#######
#.......#
#########.#####.#
#.@.......# #)#
#5######### #.###
......l†.# #.#..
........... #)#.#
.............
#.#.#
...........?...
#....
...........#...
###.#
#####.#.##.#...
#.# ..#.. .#
..########.#


You could see Grinder and a frilled lizard (wandering).

Vanquished Creatures
  An orc priest (D:3)
  Robin (D:2)
  An adder (D:2)
  A dart slug (D:2)
  3 orcs (D:3)
  A ball python (D:2)
  5 bats
  2 giant cockroaches (D:2)
  6 goblins
  9 hobgoblins
  7 jackals
  3 kobolds (D:1)
  A quokka (D:2)
  3 frilled lizards (D:1)
  3 rats (D:2)
47 creatures vanquished.

Notes
Turn   | Place    | Note
-------+----------+-------------------------------------------
     0 | D:1      | Exodus22XD the Demonspawn Gladiator began the quest for the
                  | Orb.
     0 | D:1      | Reached XP level 1. HP: 16/16 MP: 1/1
   370 | D:1      | Gained mutation: You have a pair of small antennae on your
                  | head. [demonic ancestry]
   370 | D:1      | Reached XP level 2. HP: 20/22 MP: 2/2
   403 | D:1      | Reached skill level 3 in Polearms
  1416 | D:2      | Noticed Robin
  1418 | D:2      | Gained mutation: You have large cloven feet. [demonic
                  | ancestry]
  1418 | D:2      | Reached XP level 3. HP: 26/27 MP: 3/3
  1433 | D:2      | Killed Robin
  2285 | D:3      | Reached skill level 1 in Shields
  2285 | D:3      | Gained mutation: You are partially covered in sharp spines.
                  | [demonic ancestry]
  2285 | D:3      | Reached XP level 4. HP: 33/33 MP: 4/4
  2289 | D:3      | Reached skill level 1 in Armour
  2344 | D:3      | Noticed Grinder
  2349 | D:3      | Reached skill level 4 in Polearms
  2376 | D:3      | Killed from afar by Grinder

Illustrated notes

Levels and vault maps discovered:
D:1:      dpeg_arrival_erosion, layout_loops_corners, minmay_misc_feat_plants,
          minmay_pentomino_w2
D:2:      layout_basic, solitary_fountain, uniq_robin
D:3:      layout_basic, uniq_grinder

Skill      XL: |  1  2  3  4 |
---------------+-------------+-----
Polearms       | 3 4 |  4.0
Dodging        | 3 |  3.1
Shields        | 1 |  1.2
Armour         | 1 |  1.0
Fighting       | |  2.3
Throwing       | |  1.7

Action                   |  1- 3 |  4- 6 || total
-------------------------+-------+-------++-------
Melee: Trident           |   134 |    35 ||   169
       Kick              |     7 |    13 ||    20
  Use: Potion            |       |     4 ||     4
 Stab: Invisible         |       |     1 ||     1
  Eat: Chunk             |     4 |     1 ||     5
Armor: Ring mail         |    38 |     6 ||    44
       Leather armour    |     2 |       ||     2
Dodge: Dodged            |    67 |     6 ||    73
Block: Buckler           |    15 |     4 ||    19
